 Dungeon Crawl Stone Soup version 0.23-a0-391-g8c51ad5 (webtiles) character file.

95248 lemonriz the Severer (level 16, -6/151 HPs)
             Began as a Hill Orc Fighter on Oct 30, 2018.
             Was the Champion of Beogh.
             Mangled by an orc warlord
             ... wielding a +0 battleaxe
              (49 damage)
             ... on level 2 of the Orcish Mines.
             The game lasted 01:19:42 (27512 turns).

lemonriz the Severer (Hill Orc Fighter)            Turns: 27512, Time: 01:19:44

Health: -6/151     AC: 25    Str: 28    XL:     16   Next: 13%
Magic:  25/25      EV: 12    Int: 11    God:    Beogh [******]
Gold:   323        SH: 17    Dex: 16    Spells: 15/15 levels left

rFire    + + .     SeeInvis .   a - +2 war axe (elec)
rCold    + + .     Gourm    .   c - +0 shield
rNeg     . . .     Faith    .   v - +1 plate armour {rPois}
rPois    +         Spirit   .   R - +0 hat {Int+3}
rElec    .         Reflect  +   y - scarf {rC+ rF+}
rCorr    +         Harm     .   P - +1 pair of gloves
MR       ++...     Clarity  +   H - +2 pair of boots of Soqieps {rC+ MR+ Dex+2}
Stlth    ..........             X - +3 amulet of reflection
HPRegen  0.35/turn              h - +4 ring of dexterity
MPRegen  0.19/turn              i - ring of resist corrosion

@: about to teleport
A: walk on water, icy blue scales 1, camouflage 1, clarity, fire resistance 1,
strong 1, evolution 1
a: Smiting, Recall Orcish Followers, Give Item to Named Follower, Resurrection,
Renounce Religion


You were on level 2 of the Orcish Mines.
You worshipped Beogh.
Beogh was exalted by your worship.
You were full.

You visited 3 branches of the dungeon, and saw 23 of its levels.
You also visited: Ice Cave.

You collected 1854 gold pieces.
You spent 1531 gold pieces at shops.

Inventory:

Hand Weapons
 a - a +2 war axe of electrocution (weapon)
 u - a +0 arbalest of freezing
 C - a +0 battleaxe of freezing
 S - a +8 double sword of venom
 V - a +1 war axe of draining
 W - a +0 glaive
Armour
 c - a +0 shield (worn)
 l - a +1 cloak
 v - a +1 plate armour of poison resistance (worn)
 y - a scarf of resistance (worn)
 H - the +2 pair of boots of Soqieps (worn) {rC+ MR+ Dex+2}
   (You found it on level 4 of the Lair of Beasts)

   It affects your dexterity (+2).
   It protects you from cold.
   It affects your resistance to hostile enchantments.
 P - a +1 pair of gloves (worn)
 R - a +0 hat of intelligence (worn)
Jewellery
 h - a +4 ring of dexterity (left hand)
 i - a ring of resist corrosion (right hand)
 k - a +1 ring of evasion
 z - an uncursed ring of wizardry
 E - a +4 ring of strength
 Q - the ring "Moppazer" {rCorr +Fly rElec rC++ Str-4}
   (You found it on level 2 of the Lair of Beasts)

   [ring of resist corrosion]

   It affects your strength (-4).
   It greatly protects you from cold.
   It insulates you from electricity.
   It lets you fly.
 X - a +3 amulet of reflection (around neck)
Wands
 b - a wand of enslavement (3)
 I - a wand of acid (21)
 J - a wand of iceblast (4)
 K - a wand of disintegration (7)
 M - a wand of flame (64)
Scrolls
 g - a scroll of fear
 n - 14 scrolls of teleportation
 o - 2 scrolls of identify
 s - 6 scrolls of blinking
 t - 18 scrolls of remove curse
 x - 4 scrolls of fog
 A - 4 scrolls of enchant armour
 D - 5 scrolls of enchant weapon
 G - 4 scrolls of immolation
 O - a scroll of silence
 Z - 3 scrolls of amnesia
Potions
 d - 2 potions of might
 e - 3 potions of heal wounds
 j - 6 potions of flight
 m - 2 potions of cancellation
 p - 7 potions of brilliance
 q - 2 potions of lignification
 r - 2 potions of haste
 w - 2 potions of curing
 F - a potion of magic
 N - a potion of resistance
 T - a potion of agility
 Y - 5 potions of ambrosia
Miscellaneous
 B - a fan of gales
 L - a lightning rod (4/4)
Comestibles
 f - 51 rations


   Skills:
 * Level 15.8 Fighting
 - Level 16.0 Axes
 + Level 13.7 Armour
 + Level 6.7 Dodging
 + Level 13.7 Shields
 + Level 12.8 Invocations


You had 15 spell levels left.
You didn't know any spells.
Your spell library contained the following spells:

 Spells                   Type           Power        Failure   Level  Hunger
 Animate Skeleton         Necr           N/A          95%         1    ##.....
 Beastly Appendage        Tmut           #.....       95%         1    ##.....
 Magic Dart               Conj           #...         95%         1    ##.....
 Pain                     Necr           #...         95%         1    ##.....
 Sandblast                Erth           #.....       95%         1    ##.....
 Shock                    Conj/Air       #...         95%         1    ##.....
 Blink                    Tloc           N/A          99%         2    ###....
 Call Imp                 Summ           #.......     99%         2    ###....
 Passwall                 Tmut/Erth      #.......     99%         2    ###....
 Searing Ray              Conj           #.....       99%         2    ###....
 Slow                     Hex            #.......     99%         2    ###....
 Sticks to Snakes         Tmut           #.......     99%         2    ###....
 Swiftness                Chrm/Air       #.......     99%         2    ###....
 Conjure Flame            Conj/Fire      #.......     100%        3    ####...
 Dazzling Spray           Conj/Hex       #.....       100%        3    ####...
 Mephitic Cloud           Conj/Pois/Air  #.......     100%        3    ####...
 Recall                   Summ/Tloc      N/A          100%        3    ####...
 Regeneration             Chrm/Necr      #.........   100%        3    ####...
 Spider Form              Tmut/Pois      #.........   100%        3    ####...
 Static Discharge         Conj/Air       #.......     100%        3    ####...
 Stone Arrow              Conj/Erth      #.....       100%        3    ####...
 Vampiric Draining        Necr           #.........   100%        3    ####...
 Airstrike                Air            #.........   100%        4    #####..
 Animate Dead             Necr           N/A          100%        4    #####..
 Cause Fear               Hex            #.........   100%        4    #####..
 Force Lance              Conj/Tloc      #.......     100%        4    #####..
 Fulminant Prism          Conj/Hex       #.........   100%        4    #####..
 Ice Form                 Ice/Tmut       #.......     100%        4    #####..
 Iskenderun's Mystic Bla  Conj           #.......     100%        4    #####..
 Petrify                  Tmut/Erth      #.......     100%        4    #####..
 Blade Hands              Tmut           #.........   100%        5    ######.
 Bolt of Magma            Conj/Fire/Erth #.........   100%        5    ######.
 Borgnjor's Vile Clutch   Necr/Erth      #.........   100%        5    ######.
 Iskenderun's Battlesphe  Conj/Chrm      #.......     100%        5    ######.
 Lee's Rapid Deconstruct  Erth           #.........   100%        5    ######.
 Lightning Bolt           Conj/Air       #.........   100%        5    ######.
 Silence                  Hex/Air        #.........   100%        5    ######.
 Venom Bolt               Conj/Pois      #.........   100%        5    ######.
 Yara's Violent Unravell  Hex/Tmut       #.........   100%        5    ######.
 Death Channel            Necr           #.........   100%        6    #######
 Deflect Missiles         Chrm/Air       #.........   100%        6    #######
 Iron Shot                Conj/Erth      #.........   100%        6    #######
 Simulacrum               Ice/Necr       #.........   100%        6    #######
 Orb of Destruction       Conj           #.........   100%        7    #######
 Spellforged Servitor     Conj/Summ      #.........   100%        7    #######
 Discord                  Hex            #.........   100%        8    #######


Dungeon Overview and Level Annotations

Branches:
Dungeon (15/15)            Temple (0/1) D:6            Lair (6/6) D:9
 Shoals (0/4) Lair:4        Snake (0/4) Lair:2        Slime (0/5) Lair:6
    Orc (2/2) D:10         Vaults (0/5) D:13         Depths (0/5) D:15
    Elf: Orc:2

Altars:
Cheibriados
Elyvilon
Kikubaaqudgha
Okawaru
Qazlal
Trog
Wu Jian
Yredelemnul
Zin
The Shining One
Beogh
Jiyva

Shops:
D:11 }   Orc:1 (

Portals:
Labyrinth: Orc:2

Annotations:
Lair:5 3 runed doors, Jes Biwe's ghost, journeyman GrFi


Innate Abilities, Weirdness & Mutations

You can walk on water.
You are partially covered in icy blue scales. (AC +2)
Your skin changes colour to match your surroundings (Stealth+).
You possess an exceptional clarity of mind.
Your flesh is heat resistant. (rF+)
Your muscles are strong. (Str +2)
You evolve.


Message History

Norbak shoots a bolt.
The bolt barely misses the orc warlord.
The orc knight hits your orc warrior with a +0 great sword!
Your orc warrior dies!
The orc knight shouts!
You see here a +0 dire flail.
As you read the scroll of teleportation, it crumbles to dust.
You feel strangely unstable.
Your orc warrior hits the orc warrior with a +0 dire flail.
Your orc warrior barely misses something.
You block the orc warrior's attack.
An orc wizard comes into view. It is wielding a +0 dagger.
Your orc warrior hits the orc warrior with a +0 dire flail!!
The orc warrior dies!
Beogh accepts your kill.
Your orc warrior looks more experienced.
The orc knight shoots a bolt.
The bolt hits your orc priest!
Your orc sorcerer hits something with a +1 dagger of speed.
The orc warlord hits you with a +0 battleaxe!!!
You die...
Beogh appreciates the orc warlord's killing of a heretic priest.

...$.................##
....................###
..........o............
.........ooooo.........
.......o.ooo..#...$.#.#
.......)ooo..##...#####
..#..ooo#..####.##
#8..)8#### ## #.oo@.#
#.)))o# #.4o3O#
.(.o.oo(o..
##.)(.o....##
...(...o.....
.....o.........
......._...o...
...............


You could see an orc warlord, 3 orc knights, an ice devil, a sixfirhy, an orc
sorcerer, an ogre, an orc priest, an orc wizard, the friendly Norbak the orc
warlord, 2 friendly orc knights, a friendly orc sorcerer, the friendly Learuk
the orc sorcerer, 4 friendly orc warriors, 4 friendly orc priests, 2 friendly
orc wizards and 2 friendly orcs.

Vanquished Creatures
  Gastronok (Lair:1)
  A frost giant (IceCv)
  An entropy weaver (Lair:6)
  Azrael (D:13)
  A vault guard (D:13)
  Fannar (Lair:1)
  Erolcha (D:13)
  6 hydras
  Erica (D:8)
  3 centaur warriors
  3 two-headed ogres
  A queen ant (Lair:6)
  Urug (Orc:1)
  3 death yaks
  Sonja (Lair:1)
  A skeletal warrior (D:14)
  A wizard (D:15)
  2 unseen horrors
  A wolf spider zombie (D:14)
  Pikel (D:8)
  12 ugly things
  4 deep elf magi
  A necromancer (D:15)
  2 cyclopes
  An orc sorcerer (D:15)
  A manticore (Lair:5)
  An elephant (Lair:5)
  Joseph (D:7)
  3 centaur zombies
  Psyche (D:8)
  5 black mambas
  2 molten gargoyles (Lair:6)
  4 spiny frogs
  2 torpor snails (Lair:2)
  A rime drake (Lair:4)
  5 centaur skeletons
  A gargoyle (D:13)
  6 komodo dragons
  2 kobold demonologists (D:15)
  A rime drake (shapeshifter) (D:14)
  17 polar bears
  4 trolls
  Prince Ribbit (Lair:1)
  A snapping turtle (Lair:4)
  12 blink frogs
  2 dream sheep (Lair:4)
  7 hippogriffs
  A centaur simulacrum (D:15)
  4 wyverns
  A shadow (D:14)
  A human (D:10)
  4 basilisks
  A fire elemental (D:13)
  40 yaks
  2 hungry ghosts
  15 soldier ants
  A warg (Orc:1)
  3 nagas (Lair:2)
  A harpy simulacrum (D:15)
  2 acid dragons
  6 water moccasins
  10 hell hounds
  5 porcupines
  A swamp drake (Orc:1)
  3 sky beasts
  6 orc warriors
  3 ice beasts
  A black bear (D:9)
  An eye of draining (D:14)
  A slave (D:8)
  5 ogres
  3 necrophages
  4 phantoms
  12 wolves
  7 crocodiles
  8 centaurs
  4 boggarts (D:15)
  3 big kobolds
  11 bullfrogs
  A wyvern zombie (D:14)
  A water moccasin zombie (D:6)
  2 scorpions
  5 wights (D:12)
  8 electric eels
  6 howler monkeys
  A lava snake (Lair:6)
  2 crimson imps
  7 hounds
  3 quasits
  2 bullfrog zombies
  A bullfrog skeleton (D:11)
  5 jellies
  8 orc priests
  5 iguanas
  9 orc wizards
  15 worker ants
  3 hound skeletons
  5 worker ant zombies
  9 gnolls
  15 adders
  4 shadow imps
  A white imp (Orc:1)
  An adder zombie (D:7)
  2 worms (D:2)
  2 dart slugs
  4 leopard geckos
  22 orcs
  6 bats
  A giant cockroach (D:6)
  8 goblins
  6 hobgoblins
  10 jackals (D:4)
  7 quokkas
  5 frilled lizards
  A jackal zombie (D:5)
  19 kobolds
  A quokka skeleton (D:6)
  2 quokka zombies
  7 rats
  5 fungi
  2 plants (D:8)
531 creatures vanquished.

Vanquished Creatures (collateral kills)
  A stone giant (Orc:1)
  Nessos (D:14)
  The ghost of Appuhyh the Cruncher, a journeyman NaWz of Kikubaaqudgha (Lair:4)
  An entropy weaver (Lair:6)
  A fire dragon (Lair:6)
  2 catoblepae (Lair:5)
  7 hydras
  A two-headed ogre (Orc:2)
  5 death yaks
  An orc high priest (Orc:2)
  3 skeletal warriors (D:14)
  An unseen horror (D:12)
  A lindwurm (Lair:6)
  2 ugly things
  5 slime creatures (D:15)
  A manticore (Lair:5)
  A naga mage (D:15)
  3 centaur zombies (D:15)
  5 black mambas
  A torpor snail (Lair:2)
  2 gargoyles (D:12)
  A kobold demonologist (D:15)
  4 komodo dragons
  3 spiny frogs
  3 centaur skeletons
  2 polar bears (IceCv)
  A troll (D:12)
  8 blink frogs
  5 dream sheep (Lair:4)
  4 hippogriffs
  A shadow (D:15)
  18 yaks
  2 hogs (D:10)
  A basilisk (Lair:6)
  4 vampire mosquitoes (D:13)
  A steam dragon (Lair:6)
  3 nagas (Lair:2)
  11 soldier ants (Lair:6)
  11 water moccasins
  3 porcupines
  6 orc warriors
  A black bear (D:11)
  A hornet zombie (D:15)
  An ogre (Orc:1)
  2 wolves (IceCv)
  3 centaurs (D:12)
  A big kobold (D:15)
  4 crocodiles
  3 bullfrogs
  4 killer bees (D:10)
  3 wights (D:12)
  2 electric eels (D:8)
  2 crimson imps
  A lava snake (Lair:6)
  An orc priest (D:13)
  A bullfrog skeleton (D:10)
  An iguana (D:13)
  An iron imp (Orc:1)
  5 orc wizards
  7 worker ants
  An adder (D:11)
  A gnoll (D:11)
  A shadow imp (D:15)
  8 orcs
  A kobold (D:8)
  A quokka (D:11)
  7 fungi
  2 plants
204 creatures vanquished.

Vanquished Creatures (others)
  2 orc knights
  2 polar bears (IceCv)
  5 orc warriors
  A boggart (D:15)
  A wolf (IceCv)
  A centaur (D:12)
  9 orc priests
  7 orc wizards
  2 human simulacra (D:13)
  A shadow imp (D:13)
  49 orcs
  2 kobolds (D:8)
  9 fungi
  12 plants
  A withered plant (D:9)
104 creatures vanquished.

Grand Total: 839 creatures vanquished

Notes
Turn   | Place    | Note
-------+----------+-------------------------------------------
     0 | D:1      | lemonriz the Hill Orc Fighter began the quest for the Orb.
     0 | D:1      | Reached XP level 1. HP: 19/19 MP: 1/1
   127 | D:1      | Reached skill level 3 in Axes
   230 | D:1      | Reached XP level 2. HP: 24/27 MP: 2/2
   725 | D:2      | Reached XP level 3. HP: 33/33 MP: 3/3
   953 | D:2      | Reached skill level 4 in Axes
  1082 | D:2      | Reached XP level 4. HP: 40/40 MP: 4/4
  1700 | D:3      | Gained mutation: You evolve. [potion of mutation]
  1700 | D:3      | Gained mutation: Your skin changes colour to match your
                  | surroundings (Stealth+). [potion of mutation]
  1713 | D:3      | Reached XP level 5. HP: 28/47 MP: 5/5
  1755 | D:3      | Reached skill level 5 in Axes
  1936 | D:3      | Gained mutation: Scrolls take you a little longer to read.
                  | [evolution]
  2027 | D:3      | Found a bloodstained altar of Trog.
  2043 | D:3      | Noticed an ogre
  2055 | D:3      | Killed an ogre
  2055 | D:3      | Reached XP level 6. HP: 5/55 MP: 6/6
  2489 | D:4      | Reached skill level 5 in Fighting
  2566 | D:4      | Gained mutation: Armour fits poorly on your strangely
                  | shaped body. [evolution]
  2619 | D:4      | Noticed a phantom
  2635 | D:4      | Reached skill level 6 in Axes
  2653 | D:4      | Killed a phantom
  2653 | D:4      | Reached XP level 7. HP: 37/61 MP: 7/7
  3029 | D:5      | Entered Level 5 of the Dungeon
  3055 | D:5      | Reached skill level 7 in Axes
  3055 | D:5      | Reached skill level 5 in Shields
  3081 | D:5      | Reached skill level 5 in Armour
  3103 | D:5      | Found a basalt altar of Yredelemnul.
  3270 | D:5      | Found a glowing golden altar of the Shining One.
  3327 | D:5      | Found a white marble altar of Elyvilon.
  3452 | D:5      | Gained mutation: Your muscles are strong. (Str +2)
                  | [evolution]
  3733 | D:5      | Found an iron altar of Okawaru.
  3918 | D:4      | Noticed a hungry ghost
  3955 | D:4      | Killed a hungry ghost
  3955 | D:4      | Reached XP level 8. HP: 57/70 MP: 8/8
  4264 | D:5      | Became a worshipper of Beogh the Brigand
  4402 | D:6      | Reached skill level 8 in Axes
  4511 | D:6      | Found an ornate altar of the Wu Jian Council.
  4570 | D:6      | Found a staircase to the Ecumenical Temple.
  4656 | D:6      | Found a bloodstained altar of Trog.
  4723 | D:6      | Lost mutation: Armour fits poorly on your strangely shaped
                  | body. [evolution]
  5078 | D:7      | Noticed Joseph
  5113 | D:7      | Killed Joseph
  5113 | D:7      | Reached skill level 9 in Axes
  5164 | D:7      | Reached XP level 9. HP: 71/79 MP: 9/9
  5517 | D:7      | Found Ischarino's Magic Scroll Boutique.
  5527 | D:7      | Bought a scroll of enchant armour for 105 gold pieces
  5527 | D:7      | Bought a scroll of identify for 28 gold pieces
  5527 | D:7      | Bought a scroll of teleportation for 42 gold pieces
  5527 | D:7      | Bought a scroll of enchant weapon for 105 gold pieces
  5784 | D:8      | Reached * piety under Beogh
  5784 | D:8      | Reached skill level 10 in Axes
  6024 | D:8      | Noticed Psyche
  6039 | D:8      | Killed Psyche
  6082 | D:8      | Lost mutation: Scrolls take you a little longer to read.
                  | [evolution]
  6128 | D:8      | Noticed a two-headed ogre
  6593 | D:8      | Killed a two-headed ogre
  6593 | D:8      | Reached skill level 11 in Axes
  6593 | D:8      | Reached XP level 10. HP: 33/88 MP: 10/10
  6873 | D:8      | Noticed Erica
  6874 | D:8      | Found a glowing silver altar of Zin.
  6895 | D:8      | Killed Erica
  6895 | D:8      | Reached skill level 12 in Axes
  6955 | D:8      | Gained mutation: Your flesh is heat resistant. (rF+)
                  | [evolution]
  7476 | D:9      | Reached ** piety under Beogh
  7779 | D:9      | Reached skill level 1 in Invocations
  7824 | D:9      | Found an ancient bone altar of Kikubaaqudgha.
  7973 | D:9      | Found a staircase to the Lair.
  8040 | D:9      | Found a snail-covered altar of Cheibriados.
  8070 | D:10     | Entered Level 10 of the Dungeon
  8561 | D:9      | Reached skill level 13 in Axes
  8570 | D:9      | Reached XP level 11. HP: 26/97 MP: 13/13
  8931 | D:10     | Reached *** piety under Beogh
  9093 | D:9      | Gained mutation: Your spells are a little harder to cast,
                  | but a little more powerful. [evolution]
  9170 | D:9      | Killed an unseen horror
  9510 | D:10     | Found a staircase to the Orcish Mines.
  9529 | D:10     | Found a roughly hewn altar of Beogh.
  9840 | D:10     | Gained Bogmar as an ally
 10017 | D:11     | Found Jyssoux's Gadget Shoppe.
 10017 | D:11     | Noticed a cyan ugly thing
 10033 | D:11     | Killed a cyan ugly thing
 10049 | D:11     | Bought a wand of acid (5) for 252 gold pieces
 10084 | D:11     | Noticed a two-headed ogre
 10099 | D:11     | Killed a two-headed ogre
 10099 | D:11     | Reached skill level 10 in Fighting
 10106 | D:11     | Reached skill level 14 in Axes
 10108 | D:11     | Reached skill level 5 in Invocations
 10110 | D:11     | Reached **** piety under Beogh
 10333 | D:11     | Noticed a cyan ugly thing
 10341 | D:11     | Killed a cyan ugly thing
 10929 | Lair:1   | Entered Level 1 of the Lair of Beasts
 10951 | Lair:1   | Found a stormy altar of Qazlal.
 10969 | Lair:1   | Noticed a five-headed hydra
 10973 | Lair:1   | Noticed Sonja
 10981 | Lair:1   | Killed a five-headed hydra
 11361 | Lair:1   | Noticed Fannar
 11380 | Lair:1   | Your ally Bogmar died
 11394 | Lair:1   | Gained mutation: You are partially covered in icy blue
                  | scales. (AC +2) [evolution]
 11408 | Lair:1   | Killed Fannar
 11408 | Lair:1   | Reached XP level 12. HP: 107/107 MP: 16/16
 11631 | Lair:1   | Noticed Prince Ribbit
 11655 | Lair:1   | Killed Prince Ribbit
 11706 | Lair:1   | Noticed Gastronok
 11724 | Lair:1   | Killed Gastronok
 11724 | Lair:1   | Reached skill level 15 in Axes
 11724 | Lair:1   | Reached skill level 10 in Shields
 11755 | Lair:1   | Killed Sonja
 12219 | Lair:2   | Reached skill level 10 in Armour
 12239 | Lair:2   | Got a warped bone ring
 12525 | Lair:2   | Found a snail-covered altar of Cheibriados.
 12615 | Lair:2   | Identified the ring "Moppazer" {rCorr +Fly rElec rC++
                  | Str-4} (You found it on level 2 of the Lair of Beasts)
 12618 | Lair:2   | Noticed a six-headed hydra
 12618 | Lair:2   | Noticed a six-headed hydra
 12630 | Lair:2   | Killed a six-headed hydra
 12630 | Lair:2   | Reached skill level 1 in Dodging
 12634 | Lair:2   | Killed a six-headed hydra
 13145 | Lair:2   | Lost mutation: Your spells are a little harder to cast, but
                  | a little more powerful. [evolution]
 13319 | Lair:2   | Noticed a four-headed hydra
 13331 | Lair:2   | Killed a four-headed hydra
 13578 | D:7      | Got an ancient rapier
 13579 | D:7      | Identified the +7 rapier of Reinforcement {pierce, Dex+5}
                  | (You found it on level 7 of the Dungeon)
 13866 | Lair:2   | Found a staircase to the Snake Pit.
 13879 | Lair:2   | Gained Learuk as an ally
 14893 | Lair:3   | Reached XP level 13. HP: 116/116 MP: 19/19
 14953 | Lair:3   | Reached skill level 16 in Axes
 15383 | Lair:3   | Reached ***** piety under Beogh
 16045 | Lair:4   | Found a runed door.
 16049 | Lair:4   | Noticed Appuhyh's ghost (journeyman NaWz)
 16075 | Lair:4   | Killed Appuhyh's ghost
 16281 | Lair:4   | Found a staircase to the Shoals.
 16380 | Lair:4   | Found a frozen archway.
 16422 | IceCv    | Entered an ice cave
 17050 | IceCv    | Noticed a frost giant
 17057 | IceCv    | Reached skill level 10 in Invocations
 17098 | IceCv    | Killed a frost giant
 17098 | IceCv    | Reached XP level 14. HP: 47/127 MP: 21/21
 17834 | Lair:4   | Identified the +2 pair of boots of Soqieps {rC+ MR+ Dex+2}
                  | (You found it on level 4 of the Lair of Beasts)
 18226 | Lair:5   | Found a runed gate.
 18226 | Lair:5   | Found a runed gate.
 18226 | Lair:5   | Found a runed gate.
 18226 | Lair:5   | Noticed Jes Biwe's ghost (journeyman GrFi)
 18255 | Lair:5   | Reached skill level 5 in Dodging
 18542 | Lair:5   | Reached ****** piety under Beogh
 19126 | Lair:6   | Entered Level 6 of the Lair of Beasts
 19230 | Lair:6   | Noticed an entropy weaver
 19255 | Lair:6   | Noticed an entropy weaver
 19269 | Lair:6   | Killed an entropy weaver
 19320 | Lair:6   | Killed an entropy weaver
 19323 | Lair:6   | Gained Norbak as an ally
 19976 | Lair:6   | Found a viscous altar of Jiyva.
 19976 | Lair:6   | Found a staircase to the Slime Pits.
 20252 | Lair:6   | Found a large runed door.
 20252 | Lair:6   | Found a large runed door.
 20756 | Lair:6   | Reached XP level 15. HP: 133/137 MP: 23/23
 20972 | Orc:1    | Entered Level 1 of the Orcish Mines
 21067 | Orc:1    | Noticed Urug
 21081 | Orc:1    | Killed Urug
 22140 | D:13     | Found a gate to the Vaults.
 22517 | D:13     | Noticed Erolcha
 22528 | D:13     | Killed Erolcha
 22577 | D:13     | Noticed Azrael
 22609 | D:13     | Killed Azrael
 23506 | D:14     | Noticed Nessos
 23515 | D:14     | Killed Nessos
 23515 | D:14     | Reached skill level 15 in Fighting
 24606 | D:15     | Entered Level 15 of the Dungeon
 25165 | D:15     | Found a basalt altar of Yredelemnul.
 25520 | D:7      | Bought a scroll of enchant armour for 105 gold pieces
 25520 | D:7      | Bought a scroll of fog for 28 gold pieces
 25520 | D:7      | Bought a scroll of identify for 28 gold pieces
 25520 | D:7      | Bought a scroll of blinking for 105 gold pieces
 25520 | D:7      | Bought a scroll of fog for 28 gold pieces
 25520 | D:7      | Bought a scroll of fear for 49 gold pieces
 25520 | D:7      | Bought a scroll of identify for 28 gold pieces
 25520 | D:7      | Bought a scroll of fog for 28 gold pieces
 25761 | D:8      | Gained mutation: You possess an exceptional clarity of
                  | mind. [evolution]
 25789 | D:8      | Noticed Pikel
 25800 | D:8      | Killed Pikel
 26644 | D:15     | Reached XP level 16. HP: 127/149 MP: 25/25
 26678 | D:15     | Found a staircase to the Depths.
 26915 | D:15     | Found Asmef's Food Boutique.
 26917 | D:15     | Bought a ration for 50 gold pieces
 26917 | D:15     | Bought a ration for 50 gold pieces
 26917 | D:15     | Bought a ration for 50 gold pieces
 26917 | D:15     | Bought a ration for 50 gold pieces
 26917 | D:15     | Bought a ration for 50 gold pieces
 26917 | D:15     | Bought a ration for 50 gold pieces
 26917 | D:15     | Bought a ration for 50 gold pieces
 26917 | D:15     | Bought a ration for 50 gold pieces
 26917 | D:15     | Bought a ration for 50 gold pieces
 26917 | D:15     | Bought a ration for 50 gold pieces
 26917 | D:15     | Bought a ration for 50 gold pieces
 26917 | D:15     | Bought a ration for 50 gold pieces
 27141 | Orc:1    | Found Teiffe's Weapon Shoppe.
 27279 | Orc:1    | Identified the +2 robe "Ydum Cirr" {SInv} (You found it on
                  | level 1 of the Orcish Mines)
 27402 | Orc:2    | Entered Level 2 of the Orcish Mines
 27402 | Orc:2    | Found a labyrinth entrance.
 27480 | Orc:2    | Found a roughly hewn altar of Beogh.
 27507 | Orc:2    | Found a roughly hewn altar of Beogh.
 27512 | Orc:2    | Mangled by an orc warlord

Vault maps used:
D:1:      nicolae_arrival_washed_ashore, chequers_serial_rivers_micro_c
D:3:      lemuel_crystal_altar, first_ration
D:5:      kennysheep_ying_yang, nicolae_tso_carved_into_rock,
          roderic_roman_lattice, kennysheep_okawaru_gauntlet
D:6:      kennysheep_mini_moat, minmay_temple_entry_statues, bloody_trog
D:7:      serial_shops, nicolae_shop_stone, uniq_joseph
D:8:      basic_altar, serial_bayou, serial_bayou_lake_a, serial_bayou_shore_b,
          serial_bayou_pond_a, serial_bayou_pond_d, uniq_erica, uniq_pikel,
          uniq_psyche
D:9:      kiku_gazebo_garden_becter, cheibriados_altar_1, lair_entry_dummy
D:10:     minmay_orc_entry_temple_small, grunt_livestock
D:11:     serial_shops, shop, minmay_stone_trees_small
D:13:     david_vaults_5, bh_circular_ruins, uniq_azrael, uniq_erolcha
D:14:     nicolae_twisting_strands, uniq_nessos
D:15:     grunt_enter_depths_magical_seal, kennysheep_flooded_box, serial_shops,
          shop, minmay_liquid_box
Lair:1:   basic_altar, grunt_megastairs_5, uniq_gastronok, uniq_sonja,
          uniq_prince_ribbit2, uniq_fannar
Lair:2:   minmay_snake_entry_guardpost_large, kennysheep_snail_temple,
          grunt_megastairs_1
Lair:4:   minmay_shoals_entry_hut, ebering_ghost_inner_flame,
          portal_ice_cave_entry_animals_and_master, beast_lair_carwin_4
Lair:5:   nzn_motion_control, gammafunk_ghost_hydra_chop, st_stairs_10,
          chequers_serial_rivers_micro_a, nicolae_quartered_pool_medium
Lair:6:   cheibrodos_lair_end_hotspot, slime_altar_1, minivault_29
Orc:1:    serial_shops, nicolae_shop_statue_plus, basic_altar,
          hangedman_minor_magic, uniq_urug
Orc:2:    grunt_orc_cross, lab_entry_generic, basic_altar
IceCv:    ice_cave_caverns_03

Skill      XL: |  1  2  3  4  5  6  7  8  9 10 11 12 13 14 15 |
---------------+----------------------------------------------+-----
Axes           | 3 4 5 6 7 9 11 13 14 15 16 | 16.0
Fighting       | 4 5 6 7 8 9 10 11 12 13 15 | 15.8
Shields        | 4 5 6 7 8 9 10 11 12 13 | 13.7
Armour         | 4 5 6 7 8 9 10 11 12 13 | 13.7
Invocations    | 3 6 8 10 11 12 | 12.8
Dodging        | 2 4 6 |  6.7

Action                   |  1- 3 |  4- 6 |  7- 9 | 10-12 | 13-15 | 16-18 || total
-------------------------+-------+-------+-------+-------+-------+-------++-------
Melee: Dagger            |    76 |   147 |    43 |    30 |       |       ||   296
       War axe           |     2 |    14 |   330 |   663 |  1036 |    53 ||  2098
       Trident           |       |       |       |       |    45 |       ||    45
Throw: Stone             |       |       |    19 |     7 |       |       ||    26
Invok: Convert to Beogh  |       |       |     1 |       |       |       ||     1
       Recall Orcish Fol |       |       |       |     4 |     8 |     2 ||    14
       Give Item to Name |       |       |       |       |     2 |       ||     2
       Smiting           |       |       |       |       |     4 |       ||     4
       Resurrection      |       |       |       |       |     1 |       ||     1
Evoke: Wand              |       |       |     3 |    17 |     9 |       ||    29
       Fan of gales      |       |       |       |       |     1 |       ||     1
       Lightning rod     |       |       |       |       |     3 |       ||     3
  Use: Potion            |       |     2 |     1 |     7 |     4 |       ||    14
       Scroll            |       |       |     8 |    10 |    21 |     4 ||    43
 Stab: Sleeping          |       |       |       |     2 |       |       ||     2
       Distracted        |       |       |       |     1 |    17 |       ||    18
       Paralysed         |       |       |       |       |     5 |       ||     5
       Petrified         |       |       |       |       |     2 |       ||     2
  Eat: Chunk             |       |    20 |    18 |    32 |    21 |       ||    91
       Ration            |       |       |     1 |       |     3 |     2 ||     6
Armor: Scale mail        |    51 |    63 |    70 |       |       |       ||   184
       Chain mail        |       |       |    96 |   123 |       |       ||   219
       Skin              |       |       |    13 |     2 |     9 |       ||    24
       Plate armour      |       |       |       |   247 |   466 |    13 ||   726
Dodge: Dodged            |    16 |    29 |    92 |   149 |   270 |    10 ||   566
Block: Shield            |    38 |    78 |   182 |   403 |   660 |    35 ||  1396
       Reflection        |       |       |       |       |    36 |     1 ||    37

Table legend:
 A = Non-vault XP
 B = Vault XP
 C = Vault XP percentage of total XP
 D = Non-vault monster count
 E = Vault monster count
 F = Vault count percentage of total count
                 A         B        C        D         E       F
            +---------+---------+-------+---------+---------+-------
      Total |   79243 |   56826 |  41.8 |     514 |     206 |  28.6
            +---------+---------+-------+---------+---------+-------
        D:1 |      21 |       0 |   0.0 |      12 |       0 |   0.0
        D:2 |      77 |       0 |   0.0 |      21 |       0 |   0.0
        D:3 |     288 |       0 |   0.0 |      23 |       0 |   0.0
        D:4 |     523 |       0 |   0.0 |      25 |       0 |   0.0
        D:5 |     409 |       4 |   1.0 |       9 |       2 |  18.2
        D:6 |     452 |       0 |   0.0 |      15 |       0 |   0.0
        D:7 |     263 |     475 |  64.4 |       9 |       1 |  10.0
        D:8 |    2857 |    1972 |  40.8 |      44 |       3 |   6.4
        D:9 |    3379 |       0 |   0.0 |      32 |       0 |   0.0
       D:10 |    1415 |    1010 |  41.6 |      25 |      10 |  28.6
       D:11 |    3950 |       0 |   0.0 |      27 |       0 |   0.0
       D:12 |    5185 |       0 |   0.0 |      41 |       0 |   0.0
       D:13 |    5642 |    4240 |  42.9 |      26 |      10 |  27.8
       D:14 |   12903 |    1094 |   7.8 |      31 |       1 |   3.1
       D:15 |    8618 |    4265 |  33.1 |      37 |      10 |  21.3
     Lair:1 |    1921 |    5630 |  74.6 |      10 |      10 |  50.0
     Lair:2 |    6022 |    2203 |  26.8 |      21 |      10 |  32.3
     Lair:3 |    5048 |       0 |   0.0 |      26 |       0 |   0.0
     Lair:4 |    4045 |    4717 |  53.8 |      21 |      15 |  41.7
     Lair:5 |    6846 |    3356 |  32.9 |      20 |       6 |  23.1
     Lair:6 |    6158 |   12434 |  66.9 |      30 |      66 |  68.8
      Orc:1 |    2319 |    2049 |  46.9 |       7 |      10 |  58.8
      Orc:2 |     902 |    1215 |  57.4 |       2 |       6 |  75.0
      IceCv |       0 |   12162 | 100.0 |       0 |      46 | 100.0
            +---------+---------+-------+---------+---------+-------
